 Dungeon Crawl Stone Soup version 0.28.0-53-g5a82cb258f (webtiles) character file.

Game seed: 15109151034878006917

21 H0rd4k the Charlatan (level 3, 26/26 HPs)
             Began as a Human Artificer on July 7, 2022.
             Quit the game on level 1 of the Dungeon.
             The game lasted 00:01:46 (1283 turns).

H0rd4k the Charlatan (Human Artificer)              Turns: 1283, Time: 00:01:46

Health: 26/26      AC:  3    Str: 12    XL:     3   Next: 5%
Magic:  3/3        EV: 11    Int: 13    God:
Gold:   30         SH:  0    Dex: 13    Spells: 2/2 levels left

rFire   . . .      SeeInvis .   a - +0 club
rCold   . . .      Faith    .   (no shield)
rNeg    . . .      Spirit   .   b - +0 leather armour
rPois   .          Reflect  .   (no helmet)
rElec   .          Harm     .   (no cloak)
rCorr   .          Rampage  .   (no gloves)
Will    .....                   (no boots)
Stlth   +.........              (no amulet)
HPRegen 0.08/turn               (no ring)
MPRegen 0.08/turn               (no ring)

@: no status effects
A: no striking features
a: no special abilities


You were on level 1 of the Dungeon.
You visited 1 branch of the dungeon, and saw 1 of its levels.

You collected 30 gold pieces.

Inventory:

Hand Weapons
 a - a +0 club (weapon)
Armour
 b - a +0 leather armour (worn)
Wands
 c - a wand of flame (14) (quivered)
 d - a wand of charming (15)
Scrolls
 f - a scroll of teleportation {unknown}
 g - a scroll of identify {unknown}
 h - a scroll of fog {unknown}
 i - a scroll of brand weapon {unknown}
 k - 2 scrolls of immolation {unknown}
Potions
 j - a potion of attraction {unknown}
Miscellaneous
 e - a piece from Xom's chessboard (15/15)


   Skills:
 + Level 1.1 Fighting
 + Level 0.8 Maces & Flails
 - Level 2.0 Armour
 + Level 1.0 Dodging
 - Level 1.0 Stealth
 + Level 3.7 Evocations


You had 2 spell levels left.
You didn't know any spells.
Your spell library was empty.

Dungeon Overview and Level Annotations

Branches:
Dungeon (1/15)

Altars:


Message History

(D) Dungeon
Where to? (? - help)
Okay, then.
Done exploring.
Done exploring.
(D) Dungeon
Where to? (? - help)
Okay, then.
(D) Dungeon
Where to? (? - help)
Okay, then.
(D) Dungeon
Where to? (? - help)
Okay, then.
There is an open door here.
There is a staircase leading out of the dungeon here.
There is a stone staircase leading down here.
Okay, then.
Unknown command.
Unknown command.
There is a staircase leading out of the dungeon here.
There is a stone staircase leading down here.
Okay, then.
Unknown command.
There is a staircase leading out of the dungeon here.
Saving game... please wait.
Welcome back, H0rd4k the Human Artificer.
Press ? for a list of commands and other information.
There is a stone staircase leading down here.
Okay, then.
There is a staircase leading out of the dungeon here.
There is a stone staircase leading down here.
Okay, then.
Okay, then.
Unknown command.
Unknown command.
Unknown command.
There is a staircase leading out of the dungeon here.
Unknown command.
Are you sure you want to abandon this character and quit the game? (Confirm with "yes".)

#####.## #.#### #.....#
#....# #.###.###....# #.#
#..##...)# #########
###.###..#......
##.......####...............
#..≈≈≈≈...##...≈≈≈≈.........
#.≈≈≈≈≈≈......≈≈≈≈≈§§§......
#.≈≈≈≈≈≈..>@..≈§≈≈§§........
#.≈≈≈≈≈≈......≈§≈≈≈§........
#..≈≈≈≈..####§§≈≈≈≈...#'####
##......## ##......#.#)#
#..###.# #.#.####...# #.##
#.## ##.#....##..# #.#
#..####..##...##..##
#.#####......###...'....#
#..........#####...###..#


There were no monsters in sight!

Vanquished Creatures
  3 ball pythons (D:1)
  A bat (D:1)
  An endoplasm (D:1)
  4 giant cockroaches (D:1)
  A goblin (D:1)
  2 hobgoblins (D:1)
  2 kobolds (D:1)
  2 frilled lizards (D:1)
  2 rats (D:1)
18 creatures vanquished.

Notes
Turn   | Place    | Note
-------+----------+-------------------------------------------
     0 | D:1      | H0rd4k the Human Artificer began the quest for the Orb.
     0 | D:1      | Reached XP level 1. HP: 15/15 MP: 1/1
   274 | D:1      | Reached XP level 2. HP: 15/21 MP: 2/2
   729 | D:1      | HP: 1/21 [constriction (1)]
  1043 | D:1      | Reached XP level 3. HP: 20/26 MP: 3/3
  1283 | D:1      | Quit the game

Illustrated notes

Levels and vault maps discovered:
D:1:      dpeg_arrival_pits, layout_basic

Action                   || total
-------------------------++-------
Melee: Club              ||    93
       Punch             ||     1
Evoke: Wand              ||     1
 Stab: Sleeping          ||     2
Armor: Leather armour    ||    36
Dodge: Dodged            ||    54
